 Dungeon Crawl Stone Soup version 0.29.1-14-g9c671dbff4 (webtiles) character file.

Game seed: 11410632702140049530

353 leafyfresh the Ducker (level 6, -2/40 HPs)
             Began as a Djinni Ice Elementalist on Feb 18, 2023.
             Slain by a centaur (3 damage)
             ... on level 5 of the Dungeon.
             The game lasted 00:07:47 (6015 turns).

leafyfresh the Ducker (Djinni Ice Elementalist)     Turns: 6015, Time: 00:07:48

Health: -2/40      AC:  4    Str:  7    XL:     6   Next: 94%
Gold:   193        EV: 14    Int: 19    God:
                   SH:  0    Dex: 13

rFire   + + .      SeeInvis .   k - +0 sling
rCold   x . .      Faith    .   (no shield)
rNeg    . . .      Spirit   .   a - +0 robe
rPois   ∞          Reflect  .   (no helmet)
rElec   .          Harm     .   j - +0 cloak
rCorr   .          Rampage  .   s - +0 pair of gloves
Will    .....                   (boots unavailable)
Stlth   ++........              (no amulet)
HPRegen 0.13/turn               (no ring)
MPRegen 0.00/turn               (no ring)

@: mighty, freezing walls, attractive, flying
A: sickness immunity, fire resistance 2, cold vulnerability 1, float, innate
caster, HP casting, extra vitality 1
a: no special abilities


You were on level 5 of the Dungeon.
You visited 1 branch of the dungeon, and saw 5 of its levels.

You collected 193 gold pieces.

Inventory:

Hand Weapons
 k - a +0 sling (weapon)
 r - a +0 short sword of speed
 y - a +3 hand axe
Armour
 a - a +0 robe (worn)
 j - a +0 cloak (worn)
 s - a +0 pair of gloves (worn)
Magical Staves
 q - a staff of fire
Wands
 c - a wand of mindburst (22)
 t - a wand of acid (6)
 x - a wand of digging (1)
Scrolls
 b - 2 scrolls of teleportation
 d - 2 scrolls of magic mapping {unknown}
 e - 2 scrolls of fear {unknown}
 f - 3 scrolls of vulnerability {unknown}
 l - a scroll of blinking {unknown}
 m - 2 scrolls of poison {unknown}
 n - 2 scrolls of brand weapon {unknown}
 v - a scroll of enchant weapon {unknown}
 w - 4 scrolls of enchant armour {unknown}
Potions
 g - a potion of invisibility {unknown}
 h - a potion of might
 i - a potion of attraction
 o - a potion of flight {unknown}
 p - a potion of curing {unknown}
 u - a potion of haste {unknown}


   Skills:
 + Level 5.4 Dodging
 - Level 1.6 Stealth
 + Level 4.8 Spellcasting


You couldn't memorise any spells.
You knew the following spells:

 Your Spells              Type           Power      Damage    Failure   Level
a - Freeze                Ice            92%        1d10      1%          1
b - Frozen Ramparts       Ice            46%        1d7       5%          3
c - Ozocubu's Armour      Ice            23%        N/A       5%          3
d - Hailstorm             Conj/Ice       23%        3d7       17%         4
e - Beastly Appendage     Tmut           46%        N/A       1%          1
f - Static Discharge      Conj/Air       23%        3-6/arc   2%          2
Your spell library was empty.

Dungeon Overview and Level Annotations

Branches:
Dungeon (5/15)
 Temple: D:4-7

Altars:
Dithmenos
Gozag
Qazlal
Zin


Innate Abilities, Weirdness & Mutations

You are immune to sickness and miasma.
You are immune to poison.
Your flesh is very heat resistant. (rF++)
You are vulnerable to cold. (rC-)
You float through the air rather than walking.
You learn spells naturally, not from books.
Your magical power is your life essence.
You have superior vitality. (+4 MHP)


Message History

No target in view!
You see here a +0 robe.
A centaur comes into view.
Found a short sword.
You shoot a sling bullet. The sling bullet hits the centaur.
The centaur shouts!
The centaur is lightly wounded.
The centaur wields a +0 shortbow.
The centaur shoots an arrow.
The arrow hits you!
A centaur is nearby!
You shoot a sling bullet. The sling bullet hits the centaur.
The centaur is moderately wounded.
The centaur shoots an arrow.
The arrow barely misses you.
The centaur shoots an arrow.
The arrow hits you.
A centaur is nearby!
You shoot a sling bullet.
The sling bullet barely misses the centaur.
The centaur shoots an arrow.
The arrow hits you.
The centaur shoots an arrow.
The arrow hits you!
The centaur shoots an arrow.
The arrow closely misses you.
A centaur is nearby!
Unknown command.
The centaur shoots an arrow.
The arrow closely misses you.
The centaur shoots an arrow.
The arrow hits you!
* * * LOW HITPOINT WARNING * * *
Unknown command.
Unknown command.
It was a potion of might.
You feel very mighty all of a sudden.
It was a potion of attraction.
You feel attractive to monsters. The centaur is attracted toward you.
Casting: Freeze (safe; 1% risk of failure)
Confirm with . or Enter, or press ? or * to list all spells.
Casting: Frozen Ramparts (dangerous; 5% risk of failure)
Press: ? - help, Dir - look around, f - activate The walls around you are covered in ice.
* * * LOW HITPOINT WARNING * * *
The wall freezes the centaur.
The centaur unwields a +0 shortbow.
The centaur hits you.
You die...

........))#
##.###.##)#### #
#...[)..## #.
##........##
#.##..........#
#.##..........#
#.##..........#
.#####.##.>........#
.....#.##@...<.....#
#....#c........##
###.............#
#...#§..........#
#c###......[....# #.
#...........# ..
.............#
....####........##
.).c ##.....>##


You could see a centaur.

Vanquished Creatures
  A phantom (D:4)
  A howler monkey (D:5)
  2 orc priests (D:5)
  An orc wizard (D:5)
  6 adders
  A worm (D:3)
  5 dart slugs
  8 orcs
  2 endoplasms
  6 giant cockroaches
  10 goblins
  6 hobgoblins
  5 jackals
  4 quokkas
  10 ball pythons
  8 bats
  A frilled lizard (D:1)
  5 kobolds
  A rat (D:1)
83 creatures vanquished.

Notes
Turn   | Place    | Note
-------+----------+-------------------------------------------
     0 | D:1      | leafyfresh the Djinni Ice Elementalist began the quest for
                  | the Orb.
     0 | D:1      | leafyfresh set off with the following spells memorised:
                  | Freeze, Frozen Ramparts, Ozocubu's Armour, Hailstorm.
     0 | D:1      | Reached XP level 1. HP: 15/15 MP: 0/0
   183 | D:1      | Reached XP level 2. HP: 1/21 MP: 0/0
  1251 | D:1      | Reached XP level 3. HP: 11/25 MP: 0/0
  1251 | D:1      | Learned a level 1 spell: Beastly Appendage
  1751 | D:2      | Reached skill level 3 in Dodging
  2713 | D:2      | Found a faded altar of an unknown god.
  2849 | D:2      | Reached XP level 4. HP: 31/31 MP: 0/0
  3969 | D:3      | Reached XP level 5. HP: 35/35 MP: 0/0
  3969 | D:3      | Learned a level 2 spell: Static Discharge
  4123 | D:4      | Reached skill level 4 in Dodging
  4252 | D:4      | Found a shadowy altar of Dithmenos.
  4651 | D:4      | Found a stormy altar of Qazlal.
  4653 | D:4      | Noticed a phantom
  4942 | D:4      | Found a glowing silver altar of Zin.
  4985 | D:4      | Killed a phantom
  4986 | D:4      | Reached XP level 6. HP: 21/40 MP: 0/0
  5174 | D:4      | Found an opulent altar of Gozag.
  5294 | D:5      | Entered Level 5 of the Dungeon
  5373 | D:5      | Reached skill level 5 in Dodging
  6015 | D:5      | Slain by a centaur

Illustrated notes

Levels and vault maps discovered:
D:1:      minmay_arrival_solitary_statue, layout_basic
D:2:      layout_loops_corners, shapermc_ecumenical_altar_petra
D:3:      layout_basic, minivault_24
D:4:      layout_loops_ring, pdpol_temple_overflow_zin_treasury_gozag_greed,
          nicolae_qazlal_scattered_showers,
          nicolae_dithmenos_through_a_glass_darkly
D:5:      layout_rooms, guppyfry_shop_venom

Skill      XL: |  1  2  3  4  5  6 |
---------------+-------------------+-----
Dodging        | 3 4 5 |  5.4
Spellcasting   | 4 |  4.8
Stealth        | |  1.6

Action                   |  1- 3 |  4- 6 || total
-------------------------+-------+-------++-------
Melee: Unarmed           |     4 |       ||     4
       Dagger            |    17 |       ||    17
       Short sword       |       |     1 ||     1
 Fire: Sling             |     9 |   104 ||   113
 Cast: Freeze            |    45 |     4 ||    49
       Frozen Ramparts   |       |    13 ||    13
       Ozocubu's Armour  |       |     4 ||     4
       Static Discharge  |       |     2 ||     2
       Hailstorm         |       |     6 ||     6
       Beastly Appendage |       |     1 ||     1
  Use: Scroll            |       |     1 ||     1
       Potion            |       |     2 ||     2
Armor: Robe              |    15 |    22 ||    37
Dodge: Dodged            |    35 |    50 ||    85
